[Event "*** Titled Tuesday Blitz"]
[Site "Chess.com"]
[Date "2021.03.02"]
[Round "4"]
[White "Volodar_Murzin"]
[Black "1800_strength"]
[Result "1-0"]
[WhiteElo "2699"]
[BlackElo "2505"]
[TimeControl "180+1"]
[EndTime "10:35:04 PST"]
[Termination "Volodar_Murzin won by resignation"]

1. e4 g6 2. d4 Bg7 3. Nf3 c6 4. Bd3 d5 5. Nbd2 dxe4 6. Nxe4 Nf6 7. Nxf6+ Bxf6 8. Bh6 Bf5 9. O-O Nd7 10. Re1 Qb6 11.
Bxf5 gxf5 12. Qd3 Qb5 13. c4 Qa5 14. Bd2 Qa6 15. a4 O-O 16. Qxf5 Qxc4 17. Qxd7 1-0

[Event "*** Titled Tuesday Blitz"]
[Site "Chess.com"]
[Date "2021.03.02"]
[Round "4"]
[White "CrushingKings"]
[Black "Lyschko"]
[Result "1/2-1/2"]
[WhiteElo "2398"]
[BlackElo "2194"]
[TimeControl "180+1"]
[EndTime "10:35:15 PST"]
[Termination "Game drawn by repetition"]

1. e4 Nf6 2. e5 Nd5 3. d4 d6 4. c4 Nb6 5. exd6 cxd6 6. Nc3 g6 7. Nf3 Bg7 8. Be2 O-O 9. Be3 Nc6 10. Rc1 Bg4 11. b3 d5 12. c5 Nc8 13. h3 Bxf3 14.
Bxf3 e6 15. O-O N8e7 16. a3 Nf5 17. Ne2 Nxe3 18. fxe3 Qg5 19. Qd3 Bh6 20. Nf4 Qg3 21. Ne2 Qg5 22. Nf4 Qg3 23. Ne2 Qg5 1/2-1/2

[Event "*** Titled Tuesday Blitz"]
[Site "Chess.com"]
[Date "2021.03.02"]
[Round "4"]
[White "ZiggyStardust64"]
[Black "grunbergmihai"]
[Result "1-0"]
[WhiteElo "2629"]
[BlackElo "2472"]
[TimeControl "180+1"]
[EndTime "10:35:26 PST"]
[Termination "ZiggyStardust64 won by resignation"]

1. d4 c5 2. d5 Nf6 3. Nc3 e6 4. e4 d6 5. Nf3 a6 6. a4 g6 7. Bc4 exd5 8. Nxd5 Nxd5 9. Qxd5 Qe7 10. Bg5 f6 11.
Bh4 Nc6 12. O-O Nb4 13. Qd2 Bg4 14. e5 g5 15. exf6 Qe4 16. Rfe1 1-0

[Event "*** Titled Tuesday Blitz"]
[Site "Chess.com"]
[Date "2021.03.02"]
[Round "4"]
[White "Kaslask"]
[Black "tgpgoat"]
[Result "1-0"]
[WhiteElo "2284"]
[BlackElo "2092"]
[TimeControl "180+1"]
[EndTime "10:35:26 PST"]
[Termination "Kaslask won by resignation"]

1. e4 c5 2. Nc3 Nc6 3. f4 g6 4. Bb5 Bg7 5. Nf3 e6 6. Bxc6 bxc6 7. e5 d5 8. exd6 Qxd6 9. d3 Nf6 10. O-O O-O 11. Rb1 Ba6 12. b3 Ng4 13. Ne4 Bd4+ 14. Kh1 Qd8 15. Nxd4 Nxh2 16. Kxh2 cxd4 17. Qf3 Qd5 18.
Nf6+ 1-0

[Event "*** Titled Tuesday Blitz"]
[Site "Chess.com"]
[Date "2021.03.02"]
[Round "4"]
[White "Malev212"]
[Black "Make_it_shine060"]
[Result "1-0"]
[WhiteElo "2570"]
[BlackElo "2268"]
[TimeControl "180+1"]
[EndTime "10:35:27 PST"]
[Termination "Malev212 won by resignation"]

1. e4 c5 2. Nf3 d6 3. d4 cxd4 4. Nxd4 Nf6 5. Nc3 Nc6 6. Bc4 e6 7. Be3 Be7 8. Qe2 O-O 9. O-O-O a6 10. Bb3 Bd7 11. Rhg1 b5 12. g4 Nxd4 13. Bxd4 e5 14. Be3 b4 15. Nd5 Nxe4 16. Bb6 Bg5+ 17. Kb1 Bb5 18. Qxe4 1-0

[Event "*** Titled Tuesday Blitz"]
[Site "Chess.com"]
[Date "2021.03.02"]
[Round "4"]
[White "Rozhkov_V"]
[Black "JimmmyZhang"]
[Result "1-0"]
[WhiteElo "2364"]
[BlackElo "2482"]
[TimeControl "180+1"]
[EndTime "10:35:48 PST"]
[Termination "Rozhkov_V won by resignation"]

1. e4 e5 2. Nf3 Nc6 3. d4 exd4 4. Bc4 Be7 5. c3 d6 6. cxd4 Nf6 7. Nc3 O-O 8. O-O Nxe4 9. Nxe4 d5 10. Bd3 dxe4 11.
Bxe4 Bg4 12. Be3 Bf6 13. h3 Bxf3 14. Bxf3 Nxd4 15. Bxb7 Rb8 16. Be4 Ne6 17. Qc2 Rxb2 18. Bxh7+ Kh8 19. Qe4 Qd6 20. Bf5 Rb4 21. Qf3 g6 22.
Bxe6 Qxe6 23. Bc5 Bxa1 24. Bxb4 Bg7 25. Bxf8 Bxf8 26. Qa8 Kg7 27. Qxa7 Bd6 28. Qd4+ f6 29.
a4 c5 30. Qe3 Qd7 31. a5 Qc7 32. a6 Qb6 33. Ra1 Be5 34. Qxe5 fxe5 35. a7 1-0

[Event "*** Titled Tuesday Blitz"]
[Site "Chess.com"]
[Date "2021.03.02"]
[Round "4"]
[White "MarcLonoff"]
[Black "A-S-00"]
[Result "0-1"]
[WhiteElo "2119"]
[BlackElo "2393"]
[TimeControl "180+1"]
[EndTime "10:35:48 PST"]
[Termination "A-S-00 won by resignation"]

1. c4 e5 2. Nc3 Nf6 3. g3 c6 4. d4 d5 5. dxe5 Nfd7 6. Nf3 dxc4 7. Bg2 Be7 8. O-O O-O 9. Nd2 Nxe5 10. h3 a6 11. f4 Ng6 12. Nxc4 b5 13. Qxd8 Rxd8 14. Nb6 Bc5+ 15. Kh2 Bxb6 0-1

[Event "*** Titled Tuesday Blitz"]
[Site "Chess.com"]
[Date "2021.03.02"]
[Round "4"]
[White "Maddie"]
[Black "PavelChernomordik"]
[Result "0-1"]
[WhiteElo "2084"]
[BlackElo "2388"]
[TimeControl "180+1"]
[EndTime "10:35:56 PST"]
[Termination "PavelChernomordik won by resignation"]

1. d4 g6 2. e3 Bg7 3. Bd3 d6 4.
f4 c5 5. c3 Nf6 6. Nf3 O-O 7.
O-O Nc6 8. Nbd2 e5 9. fxe5 dxe5 10. Ne4 cxd4 11. cxd4 exd4 12. exd4 Nxe4 13. Bxe4 Nxd4 14.
Bg5 Nxf3+ 15. Bxf3 Qxg5 16. Qb3 Be6 17. Qxb7 Rab8 18.
Qxa7 Rxb2 19. Rab1 Rxa2 20. Qc7 Bd4+ 21. Kh1 Bd5 22. Bxd5 Qxd5 23. Rf3 Be5 24. Rbf1 Bxc7 0-1

[Event "*** Titled Tuesday Blitz"]
[Site "Chess.com"]
[Date "2021.03.02"]
[Round "4"]
[White "Jadeit90"]
[Black "As0nchess"]
[Result "0-1"]
[WhiteElo "2393"]
[BlackElo "2606"]
[TimeControl "180+1"]
[EndTime "10:36:07 PST"]
[Termination "As0nchess won by resignation"]

1. g3 d5 2. Bg2 e5 3. c4 dxc4 4.
Qa4+ c6 5. Qxc4 Be6 6. Qc2 Nd7 7. Nf3 Ngf6 8. O-O Be7 9. d3 O-O 10. Nc3 h6 11. Rd1 Qc8 12. d4 exd4 13. Nxd4 Bg4 14.
e4 Bxd1 15. Qxd1 Rd8 16. Nf5 Bf8 17. Bf4 Nc5 18. Qe2 Ne6 19. Be5 Nd7 20. Bd6 Bxd6 21. Nxd6 Qc7 22. Nf5 Ne5 23. f4 Nd3 24. Qg4 Qb6+ 0-1

[Event "*** Titled Tuesday Blitz"]
[Site "Chess.com"]
[Date "2021.03.02"]
[Round "4"]
[White "Rodalquilar"]
[Black "PlotnikovPavel"]
[Result "1-0"]
[WhiteElo "2639"]
[BlackElo "2476"]
[TimeControl "180+1"]
[EndTime "10:36:14 PST"]
[Termination "Rodalquilar won by resignation"]

1. d4 e6 2. e4 d5 3. exd5 exd5 4. Nf3 Nf6 5. Bd3 Be7 6. h3 O-O 7. O-O Re8 8. Re1 Nbd7 9. Nc3 c6 10. Bf4 Nf8 11. Ne5 Ng6 12. Bg3 Bd6 13. Qf3 Bd7 14. Nxf7 Kxf7 15. Bxd6 Bxh3 16. Rxe8 Kxe8 17. Bxg6+ hxg6 18. Re1+ Kf7 19. Be7 Bg4 20. Bxd8 Bxf3 21. Bxf6 1-0

[Event "*** Titled Tuesday Blitz"]
[Site "Chess.com"]
[Date "2021.03.02"]
[Round "4"]
[White "NateSolon"]
[Black "Hangar-18"]
[Result "1-0"]
[WhiteElo "2594"]
[BlackElo "2370"]
[TimeControl "180+1"]
[EndTime "10:36:21 PST"]
[Termination "NateSolon won by resignation"]

1. d4 Nf6 2. c4 e6 3. Nf3 Bb4+ 4. Bd2 a5 5. a3 Bxd2+ 6. Qxd2 d6 7. Nc3 Nbd7 8. e4 e5 9. Be2 O-O 10. O-O a4 11.
Rfe1 exd4 12. Nxd4 Nc5 13. Bd1 Re8 14. Bc2 c6 15. Rad1 Qb6 16. h3 Qxb2 17. e5 Nfe4 18. Bxe4 Qxd2 19. Rxd2 Rxe5 20. Nf3 Re6 21. Ng5 1-0

[Event "*** Titled Tuesday Blitz"]
[Site "Chess.com"]
[Date "2021.03.02"]
[Round "4"]
[White "gatocorbis"]
[Black "SanQui14"]
[Result "0-1"]
[WhiteElo "2059"]
[BlackElo "2379"]
[TimeControl "180+1"]
[EndTime "10:36:23 PST"]
[Termination "SanQui14 won on time"]

1. e4 c5 2. c3 g6 3. Nf3 Bg7 4. d4 cxd4 5. cxd4 d5 6. e5 Bg4 7. h3 Bxf3 8. Qxf3 Nc6 9. Be3 Qb6 10. Qxd5 Qxb2 11. Bb5 Qxa1 0-1

[Event "*** Titled Tuesday Blitz"]
[Site "Chess.com"]
[Date "2021.03.02"]
[Round "4"]
[White "KeithArkell"]
[Black "CakeinSpace2002"]
[Result "1-0"]
[WhiteElo "2606"]
[BlackElo "2409"]
[TimeControl "180+1"]
[EndTime "10:36:28 PST"]
[Termination "KeithArkell won by resignation"]

1. d4 c5 2. d5 e5 3. e4 d6 4. Nc3 Be7 5. Bb5+ Nd7 6. a4 Nf6 7. Nf3 O-O 8. O-O Re8 9. Re1 a6 10. Bf1 Nf8 11. Nd2 Ng6 12. Nc4 b6 13. Rb1 Rb8 14. b4 Bd7 15. bxc5 bxc5 16. Be3 Bf8 17. a5 Rb4 18. f3 Qc7 19. Nb6 Qb7 20. Rxb4 cxb4 21. Na2 Ba4 22. Nxb4 Nd7 23. Bxa6 Qa7 24. Nxa4 1-0

[Event "*** Titled Tuesday Blitz"]
[Site "Chess.com"]
[Date "2021.03.02"]
[Round "4"]
[White "Gerryisplaying"]
[Black "Lion-Al-Messi"]
[Result "0-1"]
[WhiteElo "2239"]
[BlackElo "2429"]
[TimeControl "180+1"]
[EndTime "10:36:35 PST"]
[Termination "Lion-Al-Messi won by resignation"]

1. d4 d5 2. Bg5 c6 3. Nf3 Nf6 4.
Bxf6 exf6 5. e3 Bd6 6. c4 Be6 7. Qb3 dxc4 8. Bxc4 Bxc4 9. Qxc4 O-O 10. O-O Nd7 11. Nc3 f5 12. a4 Nf6 13. a5 a6 14.
Rfc1 Qe7 15. Na4 Rae8 16. Nc5 Nd5 17. b4 g6 18. g3 Bxc5 19. bxc5 Qe4 20. Nd2 Qg4 21.
Kg2 Rxe3 22. h3 Nf4+ 23. Kg1 Rxg3+ 0-1

[Event "*** Titled Tuesday Blitz"]
[Site "Chess.com"]
[Date "2021.03.02"]
[Round "4"]
[White "Hypercar"]
[Black "sbouchet"]
[Result "1/2-1/2"]
[WhiteElo "2519"]
[BlackElo "2345"]
[TimeControl "180+1"]
[EndTime "10:36:39 PST"]
[Termination "Game drawn by repetition"]

1. d4 Nf6 2. c4 e6 3. e3 b6 4.
Nf3 Bb7 5. Be2 Bb4+ 6. Nbd2 O-O 7.
O-O Bxd2 8. Bxd2 Ne4 9. b4 d6 10. h3 Nd7 11. a4 a5 12. b5 f5 13. Qc2 Ndf6 14. Ne1 Nxd2 15. Qxd2 Qe7 16. f3 e5 17. d5 Rae8 18. Nc2 Bc8 19. Rae1 g5 20. f4 Ne4 21.
Qc1 Ng3 22. Rf2 Ne4 23. Rff1 Ng3 24. Rf2 Ne4 25. Rff1 1/2-1/2

[Event "*** Titled Tuesday Blitz"]
[Site "Chess.com"]
[Date "2021.03.02"]
[Round "4"]
[White "wonderfultime"]
[Black "Fy_Rakotomaharo"]
[Result "1-0"]
[WhiteElo "2925"]
[BlackElo "2747"]
[TimeControl "180+1"]
[EndTime "10:36:40 PST"]
[Termination "wonderfultime won by resignation"]

1. d4 Nf6 2. Nf3 g6 3. Bg5 Bg7 4. Nbd2 O-O 5. c3 d6 6. e4 c5 7. dxc5 dxc5 8. Bc4 Nc6 9. Qe2 Qc7 10. O-O h6 11.
Bxf6 exf6 12. Nh4 Kh7 13. f4 Re8 14. Rae1 Na5 15. Bd5 Be6 16. Bxe6 Rxe6 17. f5 Re7 18. fxg6+ fxg6 19. Qg4 g5 20. Nf5 Rd7 21. Nxg7 Kxg7 22.
e5 fxe5 23. Ne4 Qd8 24. Nxc5 Rd6 25. Ne6+ Rxe6 26. Qxe6 Qb6+ 27. Qxb6 axb6 28. Rxe5 Nc6 29. Rb5 Rxa2 30. Rxb6 Na5 31. Rd1 Nc4 32. Rd7+ Kf8 33. Rbxb7 1-0

[Event "*** Titled Tuesday Blitz"]
[Site "Chess.com"]
[Date "2021.03.02"]
[Round "4"]
[White "FairChess_on_YouTube"]
[Black "Rsnr"]
[Result "1-0"]
[WhiteElo "2944"]
[BlackElo "2776"]
[TimeControl "180+1"]
[EndTime "10:36:44 PST"]
[Termination "FairChess_on_YouTube won by resignation"]

1. Nf3 d5 2. c4 d4 3. b4 g5 4. d3 h6 5. g3 Bg7 6. Bg2 e5 7. b5 Ne7 8. a4 c6 9. Ba3 Be6 10. Nbd2 O-O 11. Ne4 Nd7 12. O-O g4 13. Nh4 Rb8 14. Rb1 f5 15. bxc6 bxc6 16. Rxb8 Nxb8 17. Bxe7 Qxe7 18. Ng6 Qb4 19. Nxf8 Bxf8 20. Nd2 a5 21. Qc2 Qc3 22. Qb1 Bb4 23. Nb3 Ba3 24. Nxd4 1-0

[Event "*** Titled Tuesday Blitz"]
[Site "Chess.com"]
[Date "2021.03.02"]
[Round "4"]
[White "jens1102"]
[Black "salomez"]
[Result "1-0"]
[WhiteElo "2415"]
[BlackElo "2222"]
[TimeControl "180+1"]
[EndTime "10:36:44 PST"]
[Termination "jens1102 won by resignation"]

1. d4 Nf6 2. c4 g6 3. Nc3 d5 4. cxd5 Nxd5 5. e4 Nxc3 6. bxc3 Bg7 7. Nf3 c5 8. Bc4 O-O 9. O-O Nc6 10. d5 Na5 11. Be2 Bxc3 12. Bd2 Bxd2 13. Qxd2 b6 14.
e5 Bf5 15. Rad1 Qd7 16. Qh6 f6 17. d6 exd6 18. exd6 Rae8 19. Rfe1 b5 20. Nh4 Be6 21. Nxg6 hxg6 22. Bxb5 Qxb5 23. Qxg6+ Kh8 24. Re4 1-0

[Event "*** Titled Tuesday Blitz"]
[Site "Chess.com"]
[Date "2021.03.02"]
[Round "4"]
[White "CM_rui"]
[Black "klimkoj"]
[Result "0-1"]
[WhiteElo "2350"]
[BlackElo "2591"]
[TimeControl "180+1"]
[EndTime "10:36:45 PST"]
[Termination "klimkoj won by resignation"]

1. e4 c5 2. Nf3 d6 3. d4 cxd4 4. Nxd4 Nf6 5. f3 e5 6. Nb3 d5 7.
Bg5 d4 8. c3 Nc6 9. Bb5 Be6 10.
O-O Qb6 11. Bxc6+ bxc6 12. Kh1 c5 13. cxd4 exd4 14. e5 Nd5 15. N1d2 h6 16. Nc4 Qb4 17. Bh4 Qxc4 18. Rc1 Qb5 19. Qd2 g5 20. Bg3 Be7 21. a4 Qxb3 0-1

[Event "*** Titled Tuesday Blitz"]
[Site "Chess.com"]
[Date "2021.03.02"]
[Round "4"]
[White "vinniethepooh"]
[Black "skoularikii"]
[Result "0-1"]
[WhiteElo "2699"]
[BlackElo "2530"]
[TimeControl "180+1"]
[EndTime "10:36:47 PST"]
[Termination "skoularikii won by resignation"]

1. d4 d5 2. c4 c6 3. Nc3 Nf6 4. cxd5 cxd5 5. f3 Nc6 6. e4 e5 7. dxe5 Nxe5 8. f4 Neg4 9. e5 Ne4 10. Bb5+ Bd7 11. Qxg4 Bxb5 12. Nxb5 Qa5+ 13. Nc3 d4 14. Ne2 dxc3 15. O-O Bc5+ 16. Kh1 Nf2+ 17. Rxf2 Bxf2 18. Qxg7 O-O-O 19. Nxc3 Rd1+ 0-1

[Event "*** Titled Tuesday Blitz"]
[Site "Chess.com"]
[Date "2021.03.02"]
[Round "4"]
[White "hellokostya"]
[Black "The_filthy"]
[Result "1-0"]
[WhiteElo "2580"]
[BlackElo "2338"]
[TimeControl "180+1"]
[EndTime "10:36:49 PST"]
[Termination "hellokostya won by resignation"]

1. d4 d5 2. c4 c6 3. Nf3 Nf6 4. e3 Bf5 5. Nc3 dxc4 6. Bxc4 e6 7. O-O Be7 8. Qe2 Ne4 9. Nxe4 Bxe4 10. Nd2 Bg6 11.
b3 Nd7 12. Bb2 O-O 13. e4 c5 14. d5 exd5 15. Bxd5 Rb8 16. Rad1 Qc7 17. f4 h6 18.
f5 Bh7 19. e5 Bg5 20. Nc4 Rbe8 21. Nd6 Qxd6 22. Bxf7+ Rxf7 23. Rxd6 1-0

[Event "*** Titled Tuesday Blitz"]
[Site "Chess.com"]
[Date "2021.03.02"]
[Round "4"]
[White "lucasmito"]
[Black "HanSchut"]
[Result "1-0"]
[WhiteElo "2511"]
[BlackElo "2220"]
[TimeControl "180+1"]
[EndTime "10:36:52 PST"]
[Termination "lucasmito won by resignation"]

1. e4 c5 2. Nf3 d6 3. d4 cxd4 4. Nxd4 Nf6 5. Nc3 g6 6. Be3 Bg7 7. f3 O-O 8. Qd2 Nc6 9. O-O-O d5 10. Kb1 Nxd4 11. e5 Nc6 12. exf6 exf6 13. Nxd5 Be6 14. Bc4 Na5 15. Qb4 Nxc4 16. Ne7+ Qxe7 17. Qxe7 Nxe3 18. Rd2 f5 19. c3 b5 20. Qc5 Nc4 21. Re2 Rab8 22.
a3 a5 23. Rhe1 Rfc8 24. Qe7 b4 25. cxb4 axb4 26. axb4 Rxb4 27. Qxb4 1-0

[Event "*** Titled Tuesday Blitz"]
[Site "Chess.com"]
[Date "2021.03.02"]
[Round "4"]
[White "BabyBoss31"]
[Black "PrinceMurad09"]
[Result "0-1"]
[WhiteElo "2333"]
[BlackElo "2524"]
[TimeControl "180+1"]
[EndTime "10:36:56 PST"]
[Termination "PrinceMurad09 won by resignation"]

1. d4 Nf6 2. Bg5 c5 3. d5 Ne4 4. h4 h6 5. Bf4 d6 6. Nd2 Qa5 7. c3 Nxd2 8. Qxd2 Bf5 9. f3 Nd7 10. e4 Bh7 11. c4 Qxd2+ 12. Kxd2 g6 13. h5 g5 14. Be3 f5 15. exf5 Bxf5 16. b3 Bg7 17.
Re1 O-O 18. Bd3 Rae8 19. Bxf5 Rxf5 20. Ne2 b5 21. Ng3 Rff8 22. Ne4 bxc4 23. bxc4 Nb6 24.
Rc1 Rb8 25. Rc2 Nd7 26. Nc3 Rb4 27. a3 Rxc4 28. Kd3 Rxc3+ 29. Rxc3 Bxc3 30. Kxc3 Nb6 31. Rd1 Rf5 0-1

[Event "*** Titled Tuesday Blitz"]
[Site "Chess.com"]
[Date "2021.03.02"]
[Round "4"]
[White "Eloist"]
[Black "volunteers1998"]
[Result "0-1"]
[WhiteElo "2327"]
[BlackElo "2162"]
[TimeControl "180+1"]
[EndTime "10:36:57 PST"]
[Termination "volunteers1998 won by resignation"]

1. e4 c5 2. Nf3 Nc6 3. Bb5 d6 4. O-O Bd7 5. Re1 Nf6 6. c3 g6 7. d4 cxd4 8. cxd4 Bg7 9. e5 dxe5 10. d5 Nd4 11. Nxd4 exd4 12. d6 Bxb5 13. Rxe7+ Kf8 14. Qb3 Be8 15. Qxb7 Rb8 16. Qxa7 Qxd6 17. Na3 Qxe7 0-1

[Event "*** Titled Tuesday Blitz"]
[Site "Chess.com"]
[Date "2021.03.02"]
[Round "4"]
[White "jposthuma"]
[Black "Coiote53"]
[Result "1-0"]
[WhiteElo "2719"]
[BlackElo "2358"]
[TimeControl "180+1"]
[EndTime "10:37:04 PST"]
[Termination "jposthuma won by resignation"]

1. d4 Nf6 2. c4 g6 3. Nc3 d5 4. cxd5 Nxd5 5. Na4 Bg7 6. e4 Nb6 7. Be3 O-O 8. Nf3 Bg4 9. Nc5 Nc6 10. Nxb7 Qb8 11. Ba6 e5 12. d5 Nb4 13. Nc5 N4xd5 14.
exd5 e4 15. Nxe4 Nd7 16. O-O Qxb2 17. Bd4 Bxd4 18. Qxd4 Qa3 19. Be2 f5 20. Neg5 Rae8 21. Ne6 Rf7 22. Nfg5 Rfe7 23. Bxg4 fxg4 24. Qxg4 Nf6 25.
Qd4 Nh5 26. Rac1 Qd6 27. Rc6 Qd7 28. Rxc7 Qb5 29. Rxe7 Rxe7 30. Rc1 Qb8 31. g3 h6 32. Ne4 Rf7 33. d6 Kh7 34. d7 1-0

[Event "*** Titled Tuesday Blitz"]
[Site "Chess.com"]
[Date "2021.03.02"]
[Round "4"]
[White "ChessWarrior3"]
[Black "Chuchofrio1"]
[Result "0-1"]
[WhiteElo "2093"]
[BlackElo "2291"]
[TimeControl "180+1"]
[EndTime "10:37:04 PST"]
[Termination "Chuchofrio1 won by resignation"]

1. e4 e5 2. Nf3 Nc6 3. Bb5 a6 4. Ba4 Nf6 5. O-O Be7 6. Re1 b5 7. Bb3 O-O 8. d4 d6 9. c3 Bg4 10. Be3 exd4 11. cxd4 Qd7 12. h3 Bh5 13. Nc3 Na5 14.
Bc2 Nc4 15. Bc1 Rae8 16. b3 Nb6 17. Bb2 Bd8 18. g4 Nxg4 19. Nd5 Nxd5 20. exd5 Rxe1+ 21. Qxe1 Nf6 22. Kh2 Bxf3 0-1

[Event "*** Titled Tuesday Blitz"]
[Site "Chess.com"]
[Date "2021.03.02"]
[Round "4"]
[White "Walter_White_Poland"]
[Black "guillembaches"]
[Result "0-1"]
[WhiteElo "2294"]
[BlackElo "2463"]
[TimeControl "180+1"]
[EndTime "10:37:08 PST"]
[Termination "guillembaches won by resignation"]

1. e4 c5 2. Nf3 d6 3. d4 cxd4 4. Nxd4 Nf6 5. Nc3 Nc6 6. Bg5 e6 7. Qd2 h6 8. Bh4 Nxe4 9. Qe3 Qxh4 10. Nxe4 d5 11. Nb5 Qxe4 12. Qxe4 dxe4 13. Nc7+ Kd7 14. Nxa8 b6 15. O-O-O+ Bd6 16. Bb5 Bb7 17. Rd2 Ke7 18. g3 Rxa8 19. Rhd1 Rd8 0-1

[Event "*** Titled Tuesday Blitz"]
[Site "Chess.com"]
[Date "2021.03.02"]
[Round "4"]
[White "FCChelsea14"]
[Black "maxip32"]
[Result "0-1"]
[WhiteElo "2699"]
[BlackElo "2533"]
[TimeControl "180+1"]
[EndTime "10:37:12 PST"]
[Termination "maxip32 won by checkmate"]

1. d4 Nf6 2. c4 g6 3. Nc3 Bg7 4. e4 d6 5. Nf3 O-O 6. Be2 Na6 7.
O-O e5 8. Be3 c6 9. d5 Ng4 10. Bg5 f6 11. Bh4 c5 12. Ne1 Nh6 13. Nd3 Nf7 14. f3 Bh6 15. Bf2 Bd7 16. a3 Qe7 17. b4 b6 18. Rb1 f5 19. bxc5 Nxc5 20. Nxc5 dxc5 21. a4 Nd6 22. a5 fxe4 23. Nxe4 Bf5 24. axb6 Nxe4 25. fxe4 Bxe4 26. Bd3 Bxd3 27.
Qxd3 axb6 28. Rxb6 e4 29. Qe2 e3 30. Be1 Rxf1+ 31.
Kxf1 Qc7 32. Rf6 Qxh2 33. Qf3 Qh1+ 34. Ke2 Ra2+ 35. Kd3 Qxe1 36. d6 Qb1+ 37. Kc3 Ra3# 0-1

[Event "*** Titled Tuesday Blitz"]
[Site "Chess.com"]
[Date "2021.03.02"]
[Round "4"]
[White "semchik73"]
[Black "catzapto"]
[Result "0-1"]
[WhiteElo "2272"]
[BlackElo "2066"]
[TimeControl "180+1"]
[EndTime "10:37:13 PST"]
[Termination "catzapto won by resignation"]

1. Nf3 c5 2. c4 Nf6 3. Nc3 e6 4.
d4 cxd4 5. Nxd4 Nc6 6. e3 Bb4 7. Be2 d5 8. cxd5 Nxd5 9. Bd2 Nxd4 10. exd4 O-O 11. O-O a6 12. Bf3 Nxc3 13. bxc3 Be7 14. Rb1 Rb8 15. Bf4 Bd6 16. Qd2 b5 17. a4 Bb7 18. Bxb7 Rxb7 19. c4 b4 20. c5 Bxf4 21. Qxf4 a5 22. c6 Qc7 23. Qe5 Qxe5 24.
dxe5 Rc7 25. Rbc1 Rfc8 26. Rfd1 g6 27. Kf1 Rxc6 28. Rxc6 Rxc6 29. Rd8+ Kg7 30. Ra8 Rc5 31. f4 b3 32. Rb8 Rc4 33. g3 Rb4 0-1

[Event "*** Titled Tuesday Blitz"]
[Site "Chess.com"]
[Date "2021.03.02"]
[Round "4"]
[White "Grineva_Marianna"]
[Black "c_r_e_e_p_e_r"]
[Result "0-1"]
[WhiteElo "2229"]
[BlackElo "2425"]
[TimeControl "180+1"]
[EndTime "10:37:14 PST"]
[Termination "c_r_e_e_p_e_r won by resignation"]

1. e4 c5 2. Nf3 e6 3. d4 cxd4 4. Nxd4 a6 5. Bd3 Nf6 6. O-O Qc7 7. c4 g6 8. Nc3 Bg7 9. Be3 d6 10. f4 O-O 11. Kh1 b6 12. Rc1 Bb7 13. Qe1 Nbd7 14. b3 Nc5 15. Qe2 Nfxe4 16. Nxe4 Nxe4 17. f5 exf5 18. Nf3 Rfe8 19. Rce1 f4 20. Bxe4 Rxe4 21. Ng5 Rxe3 22. Qf2 Rae8 23. Rxe3 fxe3 24. Qh4 h6 25. Nxf7 e2 26. Nxh6+ Bxh6 27. Re1 Qc6 0-1

[Event "*** Titled Tuesday Blitz"]
[Site "Chess.com"]
[Date "2021.03.02"]
[Round "4"]
[White "Gurvich_Vitaly"]
[Black "ChessteacherPalmS"]
[Result "1-0"]
[WhiteElo "2590"]
[BlackElo "2358"]
[TimeControl "180+1"]
[EndTime "10:37:17 PST"]
[Termination "Gurvich_Vitaly won on time"]

1. e4 e6 2. d4 d5 3. Nc3 Nf6 4.
Bg5 dxe4 5. Nxe4 Be7 6. Bxf6 gxf6 7. Nf3 b6 8. Qe2 Ba6 9. Qe3 Bxf1 10. Rxf1 f5 11.
Nc3 Rg8 12. g3 Nc6 13. d5 Nb4 14. O-O-O Bg5 15. Nxg5 Qxg5 16. f4 Qe7 17. dxe6 fxe6 18. a3 Nc6 19. Qf3 Qc5 20. Qh5+ Kf8 21. Rd7 1-0

[Event "*** Titled Tuesday Blitz"]
[Site "Chess.com"]
[Date "2021.03.02"]
[Round "4"]
[White "SHIVACalypso"]
[Black "bazar-wokzal"]
[Result "1-0"]
[WhiteElo "2353"]
[BlackElo "2514"]
[TimeControl "180+1"]
[EndTime "10:37:18 PST"]
[Termination "SHIVACalypso won by resignation"]

1. Nf3 c5 2. c4 g6 3. g3 Bg7 4.
Bg2 Nc6 5. O-O d6 6. Nc3 f5 7. d3 Nf6 8. a3 O-O 9. Rb1 h6 10. b4 g5 11. b5 Nd4 12. Bb2 e5 13. e3 Nxf3+ 14. Bxf3 f4 15. exf4 exf4 16. Nd5 Bh3 17. Re1 g4 18. Nxf6+ Bxf6 19. Bxg4 Bxb2 20. Rxb2 Bxg4 21.
Qxg4+ Qg5 22. Qe6+ Kh8 23. Qxd6 Rad8 24. Qe7 Qxe7 25.
Rxe7 Rxd3 26. gxf4 Rxf4 27. Rxb7 Rxc4 28. Rxa7 Rd8 29.
b6 Rc1+ 30. Kg2 Rg8+ 31. Kf3 Rc3+ 32. Ke2 Re8+ 33. Kd2 Rf3 34. Kd1 Rd3+ 35. Kc2 c4 36.
b7 Re2+ 37. Kb1 Rxb2+ 38. Kxb2 Rb3+ 39. Kc2 Kg7 40. b8=Q+ 1-0

[Event "*** Titled Tuesday Blitz"]
[Site "Chess.com"]
[Date "2021.03.02"]
[Round "4"]
[White "lelya96"]
[Black "SlavenPastar"]
[Result "0-1"]
[WhiteElo "2265"]
[BlackElo "2584"]
[TimeControl "180+1"]
[EndTime "10:37:18 PST"]
[Termination "SlavenPastar won by resignation"]

1. d4 b6 2. Nc3 Bb7 3. e4 e6 4. Nf3 Bb4 5. Bd3 Nf6 6. Qe2 d5 7. e5 Ne4 8. Bd2 Nxd2 9. Nxd2 c5 10. Bb5+ Bc6 11. Bxc6+ Nxc6 12. Nb5 Bxd2+ 13. Qxd2 O-O 14. f4 a6 15. Nd6 Nxd4 16. O-O Nb5 17. Nxb5 axb5 18.
Qd3 c4 19. Qd4 Qc7 20. c3 Qc5 21. Rfd1 b4 22. cxb4 Qxb4 23. Kh1 Qc5 24. Qc3 b5 25. a3 g6 26. Rac1 Rfb8 27. Rd3 b4 28. axb4 Qxb4 29.
Rh3 Qxb2 30. Qe3 Ra1 0-1

[Event "*** Titled Tuesday Blitz"]
[Site "Chess.com"]
[Date "2021.03.02"]
[Round "4"]
[White "PSvidler"]
[Black "TheBigBoss04"]
[Result "1-0"]
[WhiteElo "2923"]
[BlackElo "2745"]
[TimeControl "180+1"]
[EndTime "10:37:21 PST"]
[Termination "PSvidler won by resignation"]

1. e4 c5 2. Nf3 Nc6 3. Bb5 d6 4. O-O Bd7 5. Re1 Nf6 6. c3 a6 7. Bf1 Bg4 8. d4 cxd4 9. cxd4 d5 10. e5 Ng8 11. e6 Bxe6 12. Rxe6 fxe6 13. Nc3 Qd6 14. g3 e5 15. dxe5 Nxe5 16. Nxe5 Qxe5 17. Bf4 Qf5 18. Nxd5 Rc8 19. Bd3 Qg4 1-0

[Event "*** Titled Tuesday Blitz"]
[Site "Chess.com"]
[Date "2021.03.02"]
[Round "4"]
[White "niki_2003"]
[Black "svilson23"]
[Result "0-1"]
[WhiteElo "2001"]
[BlackElo "2243"]
[TimeControl "180+1"]
[EndTime "10:37:23 PST"]
[Termination "svilson23 won by resignation"]

1. e4 c6 2. d4 d5 3. exd5 cxd5 4.
c3 Nc6 5. Nf3 e6 6. Be3 Bd6 7.
Bb5 Ne7 8. Nbd2 O-O 9. Nb3 f6 10. Qe2 Kh8 11. O-O e5 12. Nfd2 a6 13. Bd3 e4 14. Bc2 f5 15. f4 g5 16. fxg5 f4 17.
Qf2 Ng6 18. g3 fxe3 19. Qxe3 Bh3 20. Rf2 Rxf2 21. Qxf2 Qd7 22. Qe3 Rf8 23. c4 Nb4 24.
Rc1 Nxc2 25. Rxc2 Qg4 26. Rc1 Nf4 27. Re1 Nd3 28. Rb1 Rf2 29. cxd5 Re2 0-1